Match 42712518
Unlisted

Match 42712518
End
Construct Infanterie Kompanie
Selects Terror Battlegroup
Selects Machine Gun Camouflage
Selects Defend the Fatherland
Selects King Tiger Heavy Tank
King Tiger Heavy Tank
MG 42 Machine Gun Team
MG 42 Machine Gun Team
Construct Luftwaffe Kompanie
Selects Contempt for the Weak
Repair Bunker
Construct Panzergrenadier Kompanie
Support Elements
Nebelwerfer 42 Rocket Launcher Team
Nebelwerfer 42 Rocket Launcher Team
Medical Station
MG 42 Machine Gun Team
Jäger Squad
Pioneer Squad
MG 42 Bunker
Jäger Squad
Jäger Squad
Luftwaffe Officer Quarters
Pioneer Squad
Jäger Squad
Pioneer Squad
Selects Propaganda Leaflet Drop
Selects V1 Rocket Strike
V1 Rocket Strike
Propaganda Leaflet Drop
Construct Panzer Kompanie
V1 Rocket Strike
251 Medium Carrier
Propaganda Leaflet Drop
V1 Rocket Strike
Repair Bunker
315oklopna
JSO
Team saupiquet
nexusverzini
0
0

Comments sign in to comment!

No comments posted yet!